 Dungeon Crawl Stone Soup version 0.27.0-1-g7a089689b8 (webtiles) character file.

Game seed: 5344474257164607164

51 sanka the Caller (level 3, -2/31 HPs)
             Began as a Naga Summoner on Aug 9, 2021.
             Was a Follower of Jiyva.
             Slain by an orc (6 damage)
             ... on level 3 of the Dungeon.
             The game lasted 00:04:30 (2261 turns).

sanka the Caller (Naga Summoner)                    Turns: 2261, Time: 00:04:31

Health: -2/31      AC:  2    Str: 10    XL:     3   Next: 81%
Magic:  0/6        EV:  9    Int: 16    God:    Jiyva [*.....]
Gold:   99         SH:  0    Dex: 11    Spells: 1/6 levels left

rFire    . . .     SeeInvis +   g - +0 short sword
rCold    . . .     Faith    .   (no shield)
rNeg     . . .     Spirit   .   a - +0 robe
rPois    +         Reflect  .   (no helmet)
rElec    .         Harm     .   (no cloak)
rCorr    .         Rampage  .   (no gloves)
Will     .....                  (no barding)
Stlth    ++........             (no amulet)
HPRegen  0.10/turn              (no ring)
MPRegen  0.10/turn              j - ring of wizardry

@: very slow
A: AC +1, large, see invisible, deformed body, poison resistance, slowness 2,
spit poison 1, naga tail 1
a: Spit Poison, Renounce Religion, Request Jelly


You were on level 3 of the Dungeon.
You worshipped Jiyva.
Jiyva was aware of your devotion.
You visited 1 branch of the dungeon, and saw 3 of its levels.

You collected 99 gold pieces.


Innate Abilities, Weirdness & Mutations

Your serpentine skin is tough. (AC +1)
You have supernaturally acute eyesight. (SInv)
Armour fits poorly on your strangely shaped body.
Your system is resistant to poisons. (rPois)
You cover ground very slowly.
You can spit poison.
You have a snake-like lower body.


   Skills:
 - Level 1.6 Fighting
 - Level 1.5 Dodging
 - Level 3.0 Stealth
 - Level 2.0 Spellcasting
 - Level 4.0 Summonings
 + Level 1.7 Air Magic
 + Level 2.4 Poison Magic


You had one spell level left.
You knew the following spells:

 Your Spells              Type           Power      Damage    Failure   Level
x - Call Imp              Summ           14%        N/A       2%          2
y - Poisonous Vapours     Pois/Air       16%        N/A       5%          2
z - Summon Small Mammal   Summ           56%        N/A       1%          1

Your spell library contained the following spells:

 Spells                   Type           Power      Damage    Failure   Level
 Sting                    Tmut/Pois      20%        1d4       5%          1
 Call Canine Familiar     Summ           14%        N/A       4%          3
 Summon Guardian Golem    Hex/Summ       8%         N/A       11%         3
 Ozocubu's Armour         Ice            1%         N/A       24%         3
 Summon Lightning Spire   Summ/Air       10%        N/A       26%         4
 Olgreb's Toxic Radiance  Pois           9%         N/A       28%         4
 Ozocubu's Refrigeration  Ice            0%         4d5       100%        7

Inventory:

Hand Weapons
 g - a +0 short sword (weapon)
Armour
 a - a +0 robe (worn)
Jewellery
 j - a ring of wizardry (right hand)
Scrolls
 b - a scroll of immolation {unknown}
 c - 3 scrolls of enchant weapon {unknown}
 i - a scroll of noise {unknown}
 k - a scroll of fog {unknown}
Potions
 d - a potion of magic {unknown}
 e - a potion of curing {unknown}
 f - a potion of degeneration {unknown}
 h - a potion of heal wounds {unknown}

Dungeon Overview and Level Annotations

Branches:
Dungeon (3/15)

Altars:
Jiyva

.....................
..J..........▒▒......
....................
.....................▒.
.....................▒
.... ▒▒..............▒
.....▒...............▒
.....▒.................
.......N...............
.....▒.5.▒▒...........
......ooo.▒..........
........).▒▒▒.▒.....
..........▒▒▒▒▒.▒▒▒▒
........)....▒▒.....
...............oo▒
.............▒......
.............▒ .....


You could see an orc wizard (invisible, ally target), 2 orcs, a neutral jelly
(wandering) (fellow slime) and a friendly iron imp (summoned).


Message History

The orc wizard hits your white imp but does no damage.
Your white imp hits the orc.
Your white imp freezes the orc.
The orc dies!
The orc wizard points at your white imp and mumbles some strange words.
The magic dart hits your white imp.
Your white imp dies!
Unknown command.
The orc hits you but does no damage. The orc hits you with a +0 war axe.
* * * LOW HITPOINT WARNING * * *
The orc hits you from afar with a +3 trident.
* * * LOW HITPOINT WARNING * * *
A metallic apparition takes form in the air.
The orc hits you from afar with a +3 trident.
* * * LOW HITPOINT WARNING * * *
The orc wizard hits your iron imp but does no damage.
Your iron imp barely misses the orc.
Jiyva says: Divide and consume!
What are your orders? t - Shout!
Orders for allies: a - Attack new target. r - Retreat! s - Stop attacking. g - Guard the area. f - Follow me.
Anything else - Cancel.
Gang up on whom?
Aim: an orc wizard, wielding a +0 dagger and wearing a +0 robe (almost dead, slightly transparent) Attack!
The orc hits you from afar with a +3 trident.
You die...

Action                   || total
-------------------------++-------
Melee: Unarmed           ||    17
       Short sword       ||    41
 Cast: Call Imp          ||     5
 Abil: Spit Poison       ||    28
Armor: Robe              ||     8
Dodge: Dodged            ||    14

Levels and vault maps discovered:
D:1:      dpeg_arrival_water_fire, layout_basic, minmay_misc_feat_alley,
          minmay_pentomino_u2
D:2:      layout_loops_ring, ebering_ecumenical_altar_sacrificial,
          patterned_corridor
D:3:      cheibrodos_pilgrimage, layout_basic, overflow_temple_1_default

Notes
Turn   | Place    | Note
-------+----------+-------------------------------------------
     0 | D:1      | sanka the Naga Summoner began the quest for the Orb.
     0 | D:1      | Reached XP level 1. HP: 15/15 MP: 3/3
   118 | D:1      | Reached skill level 1 in Fighting
   305 | D:1      | Reached XP level 2. HP: 24/25 MP: 5/5
   310 | D:1      | Learned a level 2 spell: Call Imp
   313 | D:1      | Learned a level 2 spell: Poisonous Vapours
   525 | D:1      | Reached skill level 1 in Poison Magic
  1143 | D:2      | Reached skill level 1 in Air Magic
  1178 | D:2      | Reached XP level 3. HP: 27/31 MP: 6/6
  1332 | D:2      | Reached skill level 2 in Poison Magic
  1600 | D:2      | Found a faded altar of an unknown god.
  1656 | D:2      | Became a worshipper of Jiyva Jumichez the Shapeless
  1656 | D:2      | Reached * piety under Jiyva
  2259 | D:3      | HP: 3/31 [orc (4)]
  2261 | D:3      | Slain by an orc

Vanquished Creatures
  An adder (D:2)
  2 dart slugs (D:2)
  3 endoplasms
  4 giant cockroaches
  5 goblins
  4 hobgoblins
  4 kobolds
  A quokka (D:1)
  2 ball pythons (D:2)
  A frilled lizard (D:3)
  3 rats
30 creatures vanquished.

Vanquished Creatures (collateral kills)
  2 orcs (D:3)
  A kobold (D:1)
3 creatures vanquished.

Vanquished Creatures (others)
  A bat (D:2)
  A fungus (D:1)
2 creatures vanquished.

Grand Total: 35 creatures vanquished
